 Dungeon Crawl Stone Soup version 0.20.0-15-g7f486f2 (webtiles) character file.

7 spacegravy the Digger (level 2, 0/15 HPs)
             Began as a Gargoyle Earth Elementalist on June 14, 2017.
             Slain by a rat (1 damage)
             ... on level 1 of the Dungeon.
             The game lasted 00:01:15 (366 turns).

spacegravy the Digger (Gargoyle Earth Elementalist)  Turns: 366, Time: 00:01:15

Health: 0/15       AC:  4    Str: 11    XL:     2   Next: 4%
Magic:  1/5        EV: 11    Int: 15    God:
Gold:   18         SH:  0    Dex: 10    Spells: 4/5 levels left

rFire    . . .     SeeInvis .   h - +0 dagger
rCold    . . .     Gourm    .   (no shield)
rNeg     + . .     Faith    .   c - +0 robe
rPois    ∞         Spirit   .   (no helmet)
rElec    +         Reflect  .   (no cloak)
rCorr    .         Harm     .   (no gloves)
MR       .....                  (no boots)
Stlth    +.........             (no amulet)
Regen    0.1/turn               (no ring)
MPRegen  0.1/turn               (no ring)

@: heavily drained
A: negative energy resistance 1, electricity resistance, unbreathing,
petrification resistance, rot immunity, AC +2
a: no special abilities


You were on level 1 of the Dungeon.
You were not hungry.

You visited 1 branch of the dungeon, and saw 1 of its levels.

You collected 18 gold pieces.


Innate Abilities, Weirdness & Mutations

You are resistant to torment.
Your stone body is resilient. (AC +2)
You are immune to poison.
You resist negative energy. (rN+)
You are resistant to electric shocks. (rElec)
You can survive without breathing.
You are immune to petrification.
You are immune to rotting.


   Skills:
 - Level 1.5(0.1) Dodging
 - Level 2.1(0.7) Stealth
 + Level 2.2(0.8) Spellcasting
   Level 0.7(0.0) Transmutations
 * Level 4.1(2.5) Earth Magic


You had 4 spell levels left.
You knew the following spells:

 Your Spells              Type           Power        Failure   Level  Hunger
z - Sandblast             Erth           #.....       9%          1    ##.....

Inventory:

Hand Weapons
 h - a +0 dagger (weapon)
Missiles
 b - 18 stones (quivered)
Armour
 c - a +0 robe (worn)
Jewellery
 a - an uncursed amulet of harm
Potions
 g - a potion of heal wounds {unknown}
 i - a potion of mutation {unknown}
 j - a potion of invisibility {unknown}
Books
 e - a book of Geomancy

   Spells                             Type                      Level
   a - Sandblast                      Earth                        1
   b - Passwall                       Transmutation/Earth          2
   c - Stone Arrow                    Conjuration/Earth            3
   d - Petrify                        Transmutation/Earth          4
   e - Lee's Rapid Deconstruction     Earth                        5
Comestibles
 d - a bread ration
 f - 5 chunks of flesh

Dungeon Overview and Level Annotations

Branches:
Dungeon (1/15)

Altars:

.......≈8≈≈≈≈≈≈8≈▒
.......≈≈≈≈≈≈≈≈≈≈...
▒...÷....▒▒▒▒▒.....▒ .▒
.........▒ ▒▒.... ▒.▒▒▒
.........▒▒▒▒▒ ▒..▒ .....
.............▒▒▒..▒▒▒.....
.............▒▒...........)
..............(............
▒..........(....8.........▒
▒▒......(........rK.......▒
▒▒▒▒.▒...................▒▒
▒....)...................
▒..▒........>..........▒
..........(............▒.▒
▒▒▒.▒▒▒▒▒▒.▒...........▒.▒▒..
▒. ▒.....(....)........ ▒£
▒▒▒▒....(.........▒▒▒▒


You could see a kobold and a rat.


Message History

You barely miss the kobold. The rat barely misses you. The kobold hits you.
* * * LOW HITPOINT WARNING * * *
You are too injured to fight recklessly!
You are too injured to fight recklessly!
The kobold throws a stone.
The stone closely misses you.
You see here a stone.
The rat barely misses you.
The kobold throws a stone.
The stone misses you.
Aiming: Sandblast
Aim: a kobold, wearing a leather armour The blast of sand misses the kobold.
b - 19 stones The rat bites you.
* * * LOW HITPOINT WARNING * * *
The kobold closely misses you.
Aiming: Sandblast
Aim: a kobold, wearing a leather armour The blast of sand hits the kobold.
b - 18 stones The rat barely misses you.
The kobold closely misses you.
You don't have enough magic to cast that spell.
Your magical contamination has completely faded away.
The rat bites you.
* * * LOW HITPOINT WARNING * * *
The kobold throws a stone.
The stone hits you but does no damage.
You see here a stone.
You hit the rat.
The rat is severely wounded.
The rat barely misses you. The rat bites you.
You die...

Action                   || total
-------------------------++-------
Melee: Dagger            ||    17
 Cast: Sandblast         ||    12
Armor: Robe              ||    13
Dodge: Dodged            ||    22

Vault maps used:
D:1:      lightli_arrival_boilingwater

Notes
Turn   | Place    | Note
-------+----------+-------------------------------------------
     0 | D:1      | spacegravy the Gargoyle Earth Elementalist began the quest for the Orb.
     0 | D:1      | Reached XP level 1. HP: 10/10 MP: 3/3
   257 | D:1      | Reached skill level 4 in Earth Magic
   260 | D:1      | Reached XP level 2. HP: 15/15 MP: 0/5
   363 | D:1      | HP: 1/15 [rat (3)]
   366 | D:1      | Slain by a rat

Vanquished Creatures
  A bat (D:1)
  A goblin (D:1)
  A hobgoblin (D:1)
  A kobold (D:1)
  4 rats (D:1)
8 creatures vanquished.
